 Dungeon Crawl Stone Soup version 0.26-a0-466-g989023bd0d (webtiles) character file.

Game seed: 6540981753361611917

14770 gruber the Geomancer (level 12, -4/74 HPs)
             Began as a Gargoyle Earth Elementalist on Aug 10, 2020.
             Was a High Priest of Vehumet.
             Slain by an ice devil (19 damage)
             ... in an ice cave.
             The game lasted 00:20:33 (10021 turns).

gruber the Geomancer (Gargoyle Earth Elementalist) Turns: 10021, Time: 00:20:34

Health: -4/74      AC: 22    Str: 18    XL:     12   Next: 20%
Magic:  0/19       EV: 11    Int: 21    God:    Vehumet [*****.]
Gold:   541        SH:  0    Dex: 10    Spells: 5/21 levels left

rFire    . . .     SeeInvis .   G - +5 flail (freeze)
rCold    . . .     Faith    .   (no shield)
rNeg     + . .     Spirit   +   a - +0 troll leather armour
rPois    ∞         Reflect  .   (no helmet)
rElec    +         Harm     .   s - +0 cloak
rCorr    .         Rnd*Tele +   h - +2 pair of gloves
MR       .....                  L - +2 pair of boots {Fly}
Stlth    ++........             B - amulet of guardian spirit
HPRegen  0.62/turn              F - ring of teleportation
MPRegen  0.16/turn              q - +6 ring of strength

@: brilliant, flying
A: negative energy resistance 1, electricity resistance, unbreathing,
petrification resistance, rot immunity, AC +8
a: Renounce Religion, Stop Flying


You were in an ice cave.
You worshipped Vehumet.
Vehumet was extremely pleased with you.
You visited 3 branches of the dungeon, and saw 13 of its levels.
You also visited: Ice Cave.

You collected 713 gold pieces.
You spent 172 gold pieces at shops.

Inventory:

Hand Weapons
 x - a +2 whip of flaming
 G - a +5 flail of freezing (weapon)
Missiles
 b - 63 stones (quivered)
 o - 9 curare-tipped darts
Armour
 a - a +0 troll leather armour (worn)
 h - a +2 pair of gloves (worn)
 s - a +0 cloak (worn)
 L - a +2 pair of boots of flying (worn)
Magical Staves
 t - an uncursed staff of conjuration
Jewellery
 n - an uncursed amulet of the acrobat {unknown}
 q - a +6 ring of strength (right hand)
 B - an amulet of guardian spirit (around neck)
 F - a ring of teleportation (left hand)
Wands
 m - a wand of random effects (35)
 r - a wand of flame (36)
 u - a wand of iceblast (5)
 A - a wand of enslavement (6)
 D - a wand of paralysis (7)
Scrolls
 e - 8 scrolls of identify
 f - a scroll of blinking
 i - 3 scrolls of enchant weapon
 k - a scroll of amnesia
 l - 2 scrolls of fear
 p - 2 scrolls of teleportation
 y - 2 scrolls of remove curse
 z - a scroll of random uselessness
Potions
 d - 5 potions of curing {unknown}
 g - 5 potions of invisibility {unknown}
 j - 4 potions of might {unknown}
 C - a potion of berserk rage {unknown}
 H - a potion of haste {unknown}
 I - a potion of degeneration {unknown}
 J - 2 potions of heal wounds {unknown}
 K - a potion of lignification {unknown}


   Skills:
 - Level 8.2 Fighting
 - Level 2.0 Maces & Flails
 - Level 8.0 Armour
 - Level 1.5 Dodging
 - Level 2.1 Stealth
 - Level 5.0 Spellcasting
 - Level 5.1 Conjurations
   Level 0.7 Transmutations
 - Level 5.8 Ice Magic
 * Level 14.4 Earth Magic
 - Level 5.0 Poison Magic


You had 5 spell levels left.
You knew the following spells:

 Your Spells              Type           Power        Failure   Level
a - Sandblast             Erth           ######       1%          1
b - Stone Arrow           Conj/Erth      ######       1%          3
c - Lee's Rapid Deconstr  Erth           #######...   1%          5
d - Frozen Ramparts       Ice            #####.       1%          3
e - Olgreb's Toxic Radia  Pois           #####...     4%          4

Your spell library contained the following spells:

 Spells                   Type           Power        Failure   Level
 Airstrike                Air            #.........   30%         4
 Foxfire                  Conj/Fire      ###.         1%          1
 Passwall                 Tmut/Erth      ######..     1%          2
 Dazzling Flash           Conj/Hex       ###...       3%          3
 Ensorcelled Hibernation  Hex/Ice        ####..       5%          2
 Petrify                  Tmut/Erth      ######..     5%          4
 Animate Skeleton         Necr           #.....       12%         1
 Apportation              Tloc           #.....       12%         1
 Corona                   Hex            #......      12%         1
 Pain                     Necr           #...         12%         1
 Summon Small Mammal      Summ           #...         12%         1
 Confusing Touch          Hex            #.......     36%         3
 Tukima's Dance           Hex            #.......     36%         3
 Vampiric Draining        Necr           #.........   36%         3
 Yara's Violent Unravell  Hex/Tmut       ##........   56%         5
 Animate Dead             Necr           #.........   77%         4
 Agony                    Necr           #.......     98%         5
 Starburst                Conj/Fire      ###.......   82%         6
 Ignition                 Fire           #.........   100%        8


Dungeon Overview and Level Annotations

Branches:
Dungeon (11/15)            Temple (1/1) D:5            Lair (1/6) D:10
  IceCv (1/1)
    Orc: D:9-12

Altars:
Ashenzari
Cheibriados
Dithmenos
Elyvilon
Fedhas
Gozag
Hepliaklqana
Kikubaaqudgha
Makhleb
Nemelex Xobeh
Okawaru
Qazlal
Ru
Sif Muna
Trog
Uskayaw
Vehumet
Wu Jian
Xom
Yredelemnul
Zin
The Shining One

Shops:
D:9 *

Annotations:
D:7 2 transporters, p0werm0de's ghost, novice DDFi
D:8 1 runed translucent door


Innate Abilities, Weirdness & Mutations

You are resistant to torment.
Your stone body is resilient. (AC +8)
You are immune to poison.
You resist negative energy. (rN+)
You are resistant to electric shocks. (rElec)
You can survive without breathing.
You are immune to petrification.
You are immune to rotting.


Message History

The ice devil is lightly wounded.
The ice devil hits you but does no damage.
Unknown command.
Unknown command.
You feel clever all of a sudden.
The ice devil hits you but does no damage.
The ice devil hits you!
* * * LOW HITPOINT WARNING * * *
The ice devil freezes you!
* * * LOW HITPOINT WARNING * * *
The ice devil hits you but does no damage.
Unknown command.
The ice devil hits you but does no damage. x2
You reach down and open the door.
The ice devil misses you.
There is an open door here.
The ice devil hits you but does no damage.
The ice devil hits you.
* * * LOW HITPOINT WARNING * * *
The ice devil freezes you!!
You die...

.# .# .. .# .. .##
.. #+#+#+#+#.8# ..
+.......#..
..########.8.8.8.#.#
....#............#.#
....'..........444.#
....#.........44@#.#
..########.8.8.8.#.#
.. +.......#.. ..
#+#+#+#+#.8# .. .##
.. .# .# .#


You could see 5 ice devils.

Vanquished Creatures
  Harold (D:7)
  A centaur warrior (D:10)
  3 two-headed ogres
  Pikel (D:4)
  A kobold demonologist (D:11)
  Prince Ribbit (D:7)
  4 hippogriffs
  2 vampires
  7 wraiths
  18 fire bats (D:8)
  2 yaks (D:10)
  A wyvern (D:10)
  2 wargs (D:10)
  An acid dragon (D:11)
  4 water moccasins
  6 orc warriors
  A black bear (D:10)
  2 ice beasts
  3 sky beasts
  5 ogres
  A necrophage (D:4)
  4 centaurs
  A lemure (D:4)
  2 wyvern zombies
  4 bullfrogs
  2 scorpions
  5 killer bees (D:10)
  9 wights
  4 howler monkeys
  3 centaur zombies
  A bullfrog zombie (D:11)
  4 quasits
  10 orc priests
  2 jellies
  A bullfrog skeleton (D:10)
  5 hounds
  9 orc wizards
  Ijyb (D:4)
  2 centaur skeletons
  7 worker ants
  2 worker ant zombies
  3 gnolls (D:3)
  13 adders
  3 shadow imps
  5 ufetubi
  An adder skeleton (D:5)
  2 adder zombies
  2 worms
  2 dart slugs (D:2)
  6 leopard geckos
  72 orcs
  4 ball pythons
  88 bats
  4 giant cockroaches
  5 goblins
  8 hobgoblins
  6 jackals (D:5)
  5 quokkas
  2 frilled lizards
  8 kobolds
  A quokka skeleton (D:4)
  8 rats
393 creatures vanquished.

Notes
Turn   | Place    | Note
-------+----------+-------------------------------------------
     0 | D:1      | gruber the Gargoyle Earth Elementalist began the quest for
                  | the Orb.
     0 | D:1      | Reached XP level 1. HP: 10/10 MP: 3/3
   120 | D:1      | Reached skill level 1 in Armour
   172 | D:1      | Reached XP level 2. HP: 14/15 MP: 3/5
   665 | D:2      | Reached XP level 3. HP: 19/19 MP: 3/6
   956 | D:2      | Found a snail-covered altar of Cheibriados.
   990 | D:2      | Reached skill level 1 in Maces & Flails
  1369 | D:3      | Found a sparkling altar of Nemelex Xobeh.
  1428 | D:3      | Reached XP level 4. HP: 20/24 MP: 7/7
  1489 | D:3      | Found a glowing golden altar of the Shining One.
  1519 | D:3      | Reached skill level 1 in Fighting
  1649 | D:3      | Found a hazy altar of Hepliaklqana.
  1782 | D:3      | Found a radiant altar of Vehumet.
  1830 | D:3      | Reached XP level 5. HP: 30/31 MP: 3/8
  2448 | D:4      | Noticed a necrophage
  2458 | D:4      | Killed a necrophage
  2458 | D:4      | Reached skill level 5 in Earth Magic
  2458 | D:4      | Reached XP level 6. HP: 30/38 MP: 1/9
  2535 | D:4      | Noticed Pikel
  2800 | D:4      | Reached skill level 6 in Earth Magic
  2923 | D:4      | Found a shattered altar of Ashenzari.
  2938 | D:4      | Reached XP level 7. HP: 37/43 MP: 1/10
  3077 | D:4      | Noticed Ijyb
  3093 | D:4      | Killed Ijyb
  3108 | D:4      | Reached skill level 7 in Earth Magic
  3531 | D:4      | Killed Pikel
  3531 | D:4      | Reached skill level 9 in Earth Magic
  3531 | D:4      | Reached XP level 8. HP: 39/48 MP: 5/11
  3605 | D:5      | Entered Level 5 of the Dungeon
  3701 | D:5      | Found a staircase to the Ecumenical Temple.
  3741 | D:5      | Reached skill level 10 in Earth Magic
  3754 | Temple   | Entered the Ecumenical Temple
  3894 | D:3      | Became a worshipper of Vehumet
  4141 | D:5      | Found a sacrificial altar of Ru.
  4141 | D:5      | Found an ornate altar of the Wu Jian Council.
  4506 | D:6      | Reached skill level 5 in Spellcasting
  4662 | D:6      | Found a shadowy altar of Dithmenos.
  4706 | D:6      | Reached XP level 9. HP: 52/52 MP: 13/16
  4774 | D:6      | Reached skill level 5 in Armour
  4935 | D:6      | You fall into a shaft and drop 2 floors!
  4973 | D:8      | Reached * piety under Vehumet
  4973 | D:8      | Offered knowledge of Freeze by Vehumet.
  4983 | D:8      | Learned a level 3 spell: Stone Arrow
  4996 | D:8      | Learned a level 5 spell: Lee's Rapid Deconstruction
  5076 | D:7      | Noticed Prince Ribbit
  5331 | D:7      | Found a glowing silver altar of Zin.
  5341 | D:7      | Reached skill level 1 in Conjurations
  5466 | D:7      | Noticed Harold
  5855 | D:8      | Reached skill level 5 in Conjurations
  5976 | D:8      | Reached XP level 10. HP: 58/58 MP: 13/17
  5978 | D:8      | Reached ** piety under Vehumet
  6071 | D:8      | Found a glowing golden altar of the Shining One.
  6072 | D:8      | Offered knowledge of Shock by Vehumet.
  6083 | D:8      | Reached skill level 5 in Fighting
  6106 | D:8      | Found a runed translucent door.
  6112 | D:8      | Noticed a flayed ghost
  6115 | D:8      | Found a blossoming altar of Fedhas.
  6168 | D:8      | Found an ornate altar of the Wu Jian Council.
  6193 | D:8      | Noticed a two-headed ogre
  6199 | D:8      | Killed a two-headed ogre
  6199 | D:8      | Offered knowledge of Frozen Ramparts by Vehumet.
  6235 | D:8      | Reached *** piety under Vehumet
  6241 | D:8      | Learned a level 3 spell: Frozen Ramparts
  6272 | D:8      | Found a radiant altar of Vehumet.
  6289 | D:8      | Reached skill level 1 in Ice Magic
  6354 | D:8      | Offered knowledge of Olgreb's Toxic Radiance by Vehumet.
  6394 | D:8      | Found a basalt altar of Yredelemnul.
  6435 | D:8      | Reached **** piety under Vehumet
  6441 | D:8      | Learned a level 4 spell: Olgreb's Toxic Radiance
  6465 | D:8      | Reached skill level 5 in Ice Magic
  6556 | D:8      | Offered knowledge of Static Discharge by Vehumet.
  6562 | D:8      | Reached skill level 1 in Poison Magic
  6562 | D:8      | Reached XP level 11. HP: 52/68 MP: 12/18
  6607 | D:8      | Found a bloodstained altar of Trog.
  7213 | D:9      | Reached skill level 5 in Poison Magic
  7414 | D:9      | Found Mytog's Assorted Antiques.
  7419 | D:9      | Reached ***** piety under Vehumet
  7421 | D:9      | Bought a pair of glowing boots for 172 gold pieces
  7814 | D:10     | Entered Level 10 of the Dungeon
  7829 | D:10     | Found a staircase to the Lair.
  7838 | D:10     | Offered knowledge of Airstrike by Vehumet.
  7988 | D:10     | Noticed a centaur warrior
  7998 | D:10     | Killed a centaur warrior
  7998 | D:10     | Reached skill level 11 in Earth Magic
  8200 | D:10     | Reached skill level 12 in Earth Magic
  8477 | D:10     | Noticed a two-headed ogre
  8485 | D:10     | Killed a two-headed ogre
  8660 | D:10     | Reached skill level 13 in Earth Magic
  8760 | D:10     | Noticed a two-headed ogre
  8765 | D:10     | Killed a two-headed ogre
  8821 | D:10     | Identified the Reference Book on Bewitchment and Ignition
  9014 | D:10     | Got a pitted falchion
  9015 | D:10     | Identified the cursed +2 falchion "Beetleslayer" {pain, rN+
                  | Dex-4 SInv} (You found it on level 10 of the Dungeon)
  9115 | D:7      | Killed Harold
  9115 | D:7      | Reached XP level 12. HP: 67/74 MP: 11/19
  9136 | D:7      | Killed Prince Ribbit
  9136 | D:7      | Reached skill level 14 in Earth Magic
  9417 | D:7      | Noticed p0werm0de's ghost (novice DDFi)
  9421 | D:7      | Found a bloodstained altar of Trog.
  9445 | D:7      | Found a transporter.
  9455 | D:7      | Found a transporter.
  9623 | D:4      | Got a jewelled ring mail
  9624 | D:4      | Identified the +0 ring mail of Joeff {rElec Str+4 Int+2
                  | Dex-3} (You found it on level 4 of the Dungeon)
  9772 | Lair:1   | Entered Level 1 of the Lair of Beasts
  9951 | D:11     | Found a frozen archway.
  9965 | IceCv    | Entered an ice cave
 10021 | IceCv    | Slain by an ice devil

Illustrated notes

Levels and vault maps discovered:
D:1:      dpeg_arrival_oval, layout_rooms, chequers_serial_rivers_micro_d
D:2:      layout_loops_cross, lemuel_coloured_pillars_altar, due_unseen_surprise
D:3:      layout_basic, nicolae_tso_carved_into_rock, overflow_temple_1_default,
          nemelex_xobeh_ov_fountains_minmay, fiery_altar_vehumet,
          minmay_crystal_water
D:4:      layout_gridville, lemuel_round_altar, uniq_ijyb, uniq_pikel
D:5:      layout_cave_pools, gammafunk_temple_overflow_pools,
          minmay_temple_entry_proselytizer
D:6:      layout_cave_pools, kennysheep_mini_moat, kb_rosetta
D:7:      layout_cave_pools, overflow_temple_1_default,
          gammafunk_ghost_wrathful_warriors, uniq_harold, uniq_prince_ribbit1
D:8:      due_megacathedral, layout_basic, minmay_holes
D:9:      layout_basic, serial_shops, shop, minmay_misc_feat_pillars,
          fungi_pond_lemuel
D:10:     minmay_wavy_crystal, layout_long_grid, erik_lair_orcish_takeover,
          special_room [special_room_orc]
D:11:     layout_basic, portal_ice_cave_entry_pillars_1
Temple:   nicolae_temple_x_marks_the_god
Lair:1:   layout_small_grid, ebering_ghost_reflecting_pool, fungi_pond_lemuel,
          wad_woods_river_01
IceCv:    ice_cave_tombish

Skill      XL: |  1  2  3  4  5  6  7  8  9 10 11 12 |
---------------+-------------------------------------+-----
Armour         | 1 2 3 8 |  8.0
Maces & Flails | 2 |  2.0
Fighting       | 2 4 8 |  8.2
Earth Magic    | 5 6 9 10 13 14 | 14.4
Spellcasting   | 5 |  5.0
Conjurations   | 5 |  5.1
Ice Magic      | 5 |  5.8
Poison Magic   | 1 5 |  5.0
Dodging        | |  1.5
Stealth        | |  2.1
Transmutations | |  0.7

Action                   |  1- 3 |  4- 6 |  7- 9 | 10-12 || total
-------------------------+-------+-------+-------+-------++-------
Melee: Unarmed           |    66 |       |       |       ||    66
       Mace              |    42 |    45 |       |       ||    87
       Flail             |       |    34 |    95 |   432 ||   561
       Whip              |       |       |   152 |       ||   152
Throw: Dart              |       |     1 |     1 |       ||     2
       Stone             |       |     1 |       |       ||     1
 Cast: Sandblast         |    23 |    48 |    94 |    96 ||   261
       Stone Arrow       |       |       |     4 |     9 ||    13
       Lee's Rapid Decon |       |       |     1 |       ||     1
       Frozen Ramparts   |       |       |       |     7 ||     7
       Olgreb's Toxic Ra |       |       |       |    32 ||    32
Evoke: Wand              |       |       |     4 |     3 ||     7
  Use: Scroll            |       |       |     9 |     7 ||    16
       Potion            |       |       |       |     1 ||     1
 Stab: Sleeping          |     4 |     1 |     1 |     2 ||     8
       Distracted        |       |       |     1 |       ||     1
       Paralysed         |       |       |     1 |       ||     1
Armor: Troll leather arm |    43 |    44 |   213 |   572 ||   872
Dodge: Dodged            |    69 |    73 |   246 |   557 ||   945

Table legend: (Time is in decaauts)
 A = Elapsed time spent in this place.
 B = Non-inter-level travel time spent in this place.
 C = Inter-level travel time spent in this place.
 D = Time resting spent in this place.
 E = Time spent auto-exploring this place.
 F = Levels seen in this place.
 G = Mean time per level.
                   A        B        C        D        E       F      G
               +--------+--------+--------+--------+--------+-----+--------+
         Total |  10312 |   9377 |    935 |    170 |   6562 |  14 |  736.6 |
       Dungeon |  10191 |   9264 |    927 |    170 |   6481 |  11 |  926.5 |
        Temple |     63 |     56 |      7 |      0 |     56 |   1 |   63.0 |
          Lair |      1 |      1 |      0 |      0 |      0 |   1 |    1.0 |
      Ice Cave |     55 |     55 |      0 |      0 |     25 |   1 |   55.0 |
               +--------+--------+--------+--------+--------+-----+--------+

Top non-repeatable levels by time:
     D:8: 1691 daAuts
     D:4: 1320 daAuts
    D:10: 1310 daAuts
     D:3: 1141 daAuts
     D:6: 928 daAuts
     D:9: 896 daAuts
     D:2: 726 daAuts
     D:7: 709 daAuts
     D:1: 645 daAuts
     D:5: 635 daAuts
    D:11: 185 daAuts
  Temple: 63 daAuts
   IceCv: 55 daAuts
  Lair:1: 1 daAuts
